 Dungeon Crawl Stone Soup version 0.13.0 (webtiles) character file.

234 Antur the Charmwright (level 5, -9/38 HPs)
             Began as a Merfolk Skald on Oct 12, 2013.
             Was an Initiate of Ashenzari.
             Mangled by an ogre
             ... wielding a +0,+0 giant spiked club
              (19 damage)
             ... on Level 4 of the Dungeon.
             The game lasted 00:10:27 (2437 turns).

Antur the Charmwright (Merfolk Skald)               Turns: 2437, Time: 00:10:28

HP  -9/38        AC  5     Str 13      XL: 5   Next: 11%
MP   5/10        EV 12     Int 12      God: Ashenzari [......]
Gold 107         SH  0     Dex 13      Spells:  2 memorised,  5 levels left

Res.Fire  : . . .   See Invis. : .   a - +0,+1 falchion (curse)
Res.Cold  : . . .   Warding    : .   b - +0 leather armour
Life Prot.: . . .   Conserve   : .   (no shield)
Res.Poison: .       Res.Corr.  : .   (no helmet)
Res.Elec. : .       Clarity    : .   f - +0 dwarf cloak
Sust.Abil.: . .     Spirit.Shd : .   p - +0 pair of gloves (curse)
Res.Mut.  : .       Stasis     : .   (no boots)
Res.Rott. : .       Flight     : .   (no amulet)
Saprovore : . . .                    (no ring)
                                     (no ring)

@: regenerating, slightly resistant to hostile enchantments, very unstealthy
A: change form in water, swift swim
a: Renounce Religion


You were on level 4 of the Dungeon.
You worshipped Ashenzari.
Ashenzari was noncommittal.
You were not hungry.

You visited 1 branch of the dungeon, and saw 4 of its levels.

You collected 87 gold pieces.

Inventory:

Hand weapons
 a - a cursed +0,+1 falchion (weapon)
Armour
 b - a +0 leather armour (worn)
 f - a +0 dwarven cloak (worn)
 p - a cursed +0 pair of gloves (worn)
Comestibles
 d - a bread ration
 k - a rotting chunk of adder flesh
Scrolls
 e - a scroll of remove curse
 h - 3 scrolls of identify
 m - a scroll of fog
Potions
 g - a potion of poison {unknown}
 i - 2 potions of coagulated blood
 j - a potion of curing {unknown}
 o - a potion of brilliance {unknown}
Books
 c - a book of Battle

   Spells                             Type                      Level
   *Infusion                          Charms                       1
   Shroud of Golubria                 Charms/Translocation         2
   Song of Slaying                    Charms                       2
   Spectral Weapon                    Hexes/Charms                 3
   *Regeneration                      Charms/Necromancy            3
   Song of Shielding                  Charms                       4


   Skills:
 + Level 2.3 Fighting
 + Level 3.2 Long Blades
 + Level 1.5 Armour
 + Level 2.8 Dodging
 + Level 2.5 Spellcasting
 + Level 4.1 Charms


You had 5 spell levels left.
You knew the following spells:

 Your Spells              Type           Power        Failure   Level  Hunger
a - Infusion              Chrm           ##....       6%          1    #......
b - Regeneration          Chrm/Necr      #.........   34%         3    ####...


Dungeon Overview and Level Annotations

Branches:
Dungeon (4/27)
 Temple: D:4-7

Altars:
Ashenzari

Annotations:
D:3 Boner's ghost, average MfTm


Message History

You climb downwards.
An ogre comes into view. It is wielding a giant spiked club.
The ogre shouts!
Found a meat ration, 21 stones and a scroll labeled PRUOCSA NOASH.
There is a stone staircase leading up here.
Casting: Infusion
Confirm with . or Enter, or press ? or * to list all spells.
Your attacks are magically infused.
Casting: Infusion
Confirm with . or Enter, or press ? or * to list all spells.
Your skin crawls.
You completely miss the ogre.
The ogre hits you with a giant spiked club!
Ouch! That really hurt!
* * * LOW HITPOINT WARNING * * *
You hit the ogre.
The ogre is moderately wounded.
The ogre hits you with a giant spiked club!
Ouch! That really hurt!
You die...

..%..#.#
......#.###
#......#...#
#..........#
..........#
.......# ##
#....#
#...#.<..#
#.....@#.#
#.....O# #
.......(.
.###.?....
#........
...........
#.........#
###..#...
...


You could see an ogre.

Vanquished Creatures
  Ijyb (D:2)
  A gnoll (D:3)
  4 adders
  A giant mite (D:1)
  A worm (D:2)
  A giant gecko (D:2)
  An orc (D:3)
  5 bats
  3 giant cockroaches
  2 goblins
  12 hobgoblins
  3 jackals (D:3)
  2 kobolds (D:2)
  A quokka (D:2)
  4 ball pythons
  2 giant newts
  4 rats
48 creatures vanquished.

Notes
Turn   | Place    | Note
--------------------------------------------------------------
     0 | D:1      | Antur, the Merfolk Skald, began the quest for the Orb.
     0 | D:1      | Reached XP level 1. HP: 15/15 MP: 3/3
   486 | D:1      | Reached XP level 2. HP: 19/21 MP: 1/5
   954 | D:2      | Reached XP level 3. HP: 23/26 MP: 2/6
   967 | D:2      | Reached skill level 1 in Armour
  1181 | D:2      | Reached XP level 4. HP: 17/33 MP: 5/8
  1384 | D:2      | Found a shattered altar of Ashenzari.
  1394 | D:2      | Reached skill level 4 in Charms
  1405 | D:2      | Became a worshipper of Ashenzari the Shackled
  1531 | D:2      | Noticed Ijyb
  1544 | D:2      | Killed Ijyb
  2043 | D:3      | Noticed Boner's ghost (average MfTm)
  2188 | D:3      | Reached XP level 5. HP: 32/38 MP: 8/10
  2313 | D:3      | Learned a level 3 spell: Regeneration
  2432 | D:4      | Noticed an ogre
  2437 | D:4      | Mangled by an ogre

Action                   |  1- 3 |  4- 6 || total
-------------------------+-------+-------++-------
Melee: Falchion          |    83 |    89 ||   172
 Cast: Infusion          |    15 |     7 ||    22
       Regeneration      |       |     1 ||     1
  Use: Scroll            |       |     7 ||     7
